[Event "Titled Tuesday Blitz June 13 Late 2023"]
[White "Gomez Ledo, Roberto Carlos"]
[Black "Goltsev, Dmitry"]
[WhiteFideId "3507076"]
[BlackFideId "24176710"]
[WhiteElo "2378"]
[BlackElo "2356"]
[Result "1/2-1/2"]
[Round "8"]
[TimeControl "180+2"]
[Date "2023.06.13"]
[WhiteClock "0:00:56"]
[BlackClock "0:00:11"]
[Board "36"]

1. d4 Nf6 2. Bf4 e6 3. e3 b6 4. Qf3 Nc6 5. Nc3 Bb7 6. Nge2 Rb8 7. e4 d5 8. exd5 Nb4 9. O-O-O Nfxd5 10. Qg3 Qf6 11. Be5 Qf5 12. Rd2 f6 13. Bxc7 Rc8 14. Bd6 Kf7 15. a3 Bxd6 16. Qxd6 Rhd8 17. Qg3 Nc6 18. Nb5 Na5 19. Nec3 Nxc3 20. Nxc3 Be4 21. Ba6 Bxc2 22. Rxc2 Nb3+ 23. Kb1 Nd2+ 24. Kc1 Nb3+ 25. Kb1 Nd2+ 26. Kc1 Nb3+ 1/2-1/2


[Site "https://www.chess.com"]

[Event "Titled Tuesday Blitz June 13 Late 2023"]
[White "Vakhlamov, Igor L."]
[Black "Bjelobrk, Igor"]
[WhiteFideId "24126748"]
[BlackFideId "4300726"]
[WhiteElo "2407"]
[BlackElo "2319"]
[Result "0-1"]
[Round "8"]
[TimeControl "180+2"]
[Date "2023.06.13"]
[WhiteClock "0:00:11"]
[BlackClock "0:00:14"]
[Board "37"]

1. e4 e6 2. d4 d5 3. Nc3 Bb4 4. exd5 exd5 5. Bd3 Nc6 6. Nf3 Nf6 7. O-O O-O 8. h3 h6 9. Bf4 Re8 10. a3 Bxc3 11. bxc3 Ne4 12. c4 Bf5 13. cxd5 Nc3 14. Qd2 Bxd3 15. Qxd3 Ne2+ 16. Kh1 Nxf4 17. Qb3 Nxd5 18. c4 Nf4 19. Qxb7 Nxd4 20. Rad1 c5 21. Nxd4 cxd4 22. c5 Rc8 23. Qxa7 Qd5 24. f3 Rxc5 25. Qa4 Rd8 26. Rfe1 g5 27. h4 d3 28. Rd2 Rc4 29. Qa6 Kg7 30. Qb6 Rc2 31. Rxc2 dxc2 32. Qb2+ Qd4 33. Qxc2 Nd3 34. Re2 Qxh4+ 35. Kg1 Qd4+ 36. Kh2 Nf4 37. Rf2 Qe5 38. g3 Nh5 39. f4 Qe3 40. Qb2+ Rd4 41. Rg2 Nf6 42. a4 Rxa4 43. Re2 Qd4 44. Qc2 gxf4 45. gxf4 Qxf4+ 46. Kg2 Ra3 47. Rf2 Qe4+ 48. Qxe4 Nxe4 49. Rf4 Ng5 50. Rb4 Kg6 51. Rb6+ f6 52. Rb8 h5 53. Rb4 Re3 54. Ra4 Re4 55. Ra5 h4 56. Ra8 Re2+ 57. Kf1 Rb2 58. Ra7 h3 59. Rb7 Rxb7 60. Kf2 Rb3 61. Kg1 Rb2 62. Kh1 f5 63. Kg1 Ne4 64. Kh1 Kg5 65. Kg1 h2+ 66. Kh1 Ng3# 0-1


[Site "https://www.chess.com"]

[Event "Titled Tuesday Blitz June 13 Late 2023"]
[White "Bryakin, Mikhail"]
[Black "Korchmar, Vasiliy"]
[WhiteFideId "4165314"]
[BlackFideId "24131750"]
[WhiteElo "2464"]
[BlackElo "2370"]
[Result "1-0"]
[Round "8"]
[TimeControl "180+2"]
[Date "2023.06.13"]
[WhiteClock "0:00:50"]
[BlackClock "0:00:00"]
[Board "38"]

1. e4 c5 2. d4 cxd4 3. Qxd4 Nc6 4. Qd3 Nf6 5. Nc3 g6 6. Nf3 d6 7. Be2 Bg7 8. O-O O-O 9. Nd5 Nd7 10. c3 Nc5 11. Qc2 f5 12. exf5 Bxf5 13. Qd1 Kh8 14. Bg5 Ne4 15. Be3 e6 16. Nf4 d5 17. Nd4 Qe7 18. f3 Nd6 19. Nxf5 Nxf5 20. Bf2 Rad8 21. Re1 d4 22. Qb3 e5 23. Nd5 Qd6 24. c4 b6 25. Bd3 Nce7 26. Nb4 Ne3 27. Nc2 Nxc2 28. Qxc2 Nf5 29. Be4 Ne3 30. Qd3 Nf5 31. b3 Qf6 32. g3 Bh6 33. Kg2 Be3 34. Bxf5 Bxf2 35. Kxf2 gxf5 36. Kg2 e4 37. fxe4 fxe4 38. Rxe4 Qf2+ 39. Kh1 Rf3 40. Qe2 d3 41. Re8+ Rxe8 42. Qxe8+ Kg7 43. Re1 Rf7 44. Qe5+ Kg8 45. Qe8+ Kg7 46. Qe5+ Kg8 47. Qg5+ Kf8 48. Qh6+ Rg7 49. Qd6+ Kf7 50. Re7+ Kg8 51. Qd8+ Qf8 52. Re8 1-0


[Site "https://www.chess.com"]

[Event "Titled Tuesday Blitz June 13 Late 2023"]
[White "Kavutskiy, Konstantin"]
[Black "Yanchenko, Roman"]
[WhiteFideId "2026384"]
[BlackFideId "4137329"]
[WhiteElo "2323"]
[BlackElo "2491"]
[Result "0-1"]
[Round "8"]
[TimeControl "180+2"]
[Date "2023.06.13"]
[WhiteClock "0:00:25"]
[BlackClock "0:00:59"]
[Board "39"]

1. d4 d5 2. c4 c6 3. Nf3 Nf6 4. e3 a6 5. Nbd2 Bf5 6. Nh4 Bg4 7. Qb3 Ra7 8. h3 Bc8 9. Bd3 e6 10. c5 e5 11. dxe5 Nfd7 12. Nhf3 Nxc5 13. Qc2 Nxd3+ 14. Qxd3 Be6 15. Nd4 c5 16. Nxe6 fxe6 17. e4 Nc6 18. O-O b5 19. exd5 Qxd5 20. Qe2 Nd4 21. Qh5+ g6 22. Qh4 Be7 23. Qh6 Qxe5 24. Nb3 Ne2+ 25. Kh1 Bd6 26. g3 Rf7 27. Qe3 Nxg3+ 28. fxg3 Rxf1+ 29. Kg2 Qxe3 30. Bxe3 Rxa1 31. Nxa1 Kd7 32. Nb3 Kc6 33. g4 Rf8 34. Nd2 Kd5 35. h4 c4 0-1


[Site "https://www.chess.com"]

[Event "Titled Tuesday Blitz June 13 Late 2023"]
[White "robertoalejandro10"]
[Black "Tejedor Fuente, Enrique"]
[BlackFideId "2299100"]
[WhiteElo "2618"]
[BlackElo "2496"]
[Result "1-0"]
[Round "8"]
[TimeControl "180+2"]
[Date "2023.06.13"]
[WhiteClock "0:00:18"]
[BlackClock "0:00:07"]
[Board "40"]

1. Nf3 Nf6 2. c4 g5 3. Nxg5 e5 4. Nc3 Nc6 5. g3 d5 6. cxd5 Nxd5 7. Qb3 Qxg5 8. Nxd5 Bd6 9. d3 Qf5 10. Bg2 Nd4 11. Qd1 c6 12. Nc3 Qh5 13. Ne4 Be7 14. Be3 Ne6 15. Qc2 Bb4+ 16. Nc3 f5 17. a3 Bd6 18. O-O-O Bd7 19. d4 e4 20. Kb1 O-O-O 21. d5 Nc7 22. dxc6 Bxc6 23. Bxa7 Qf7 24. Bb6 Be5 25. Rxd8+ Rxd8 26. Rc1 Rd7 27. f3 exf3 28. Bxf3 Rd6 29. Bxc7 Qxc7 30. Nb5 Qb6 31. Nxd6+ Kb8 32. Bxc6 Bxd6 33. Bf3 Be5 34. Qc8+ Ka7 35. Qc5 Bd4 36. Qxb6+ Kxb6 37. Rd1 Be3 38. Rd5 f4 39. gxf4 Bxf4 40. Rh5 h6 41. Rf5 Bxh2 42. Rf6+ Kc5 43. Rxh6 Bf4 44. Rh5+ Kb6 45. Kc2 Ka7 46. b4 b6 47. Kb3 Kb8 48. Rh7 b5 49. a4 bxa4+ 50. Kxa4 Kc8 51. Kb5 Kd8 52. Kc6 Kc8 53. Rh8# 1-0


[Site "https://www.chess.com"]

[Event "Titled Tuesday Blitz June 13 Late 2023"]
[White "Fiorito, Francisco"]
[Black "Oro, Faustino"]
[WhiteFideId "180165"]
[BlackFideId "20000197"]
[WhiteElo "2319"]
[BlackElo "1984"]
[Result "0-1"]
[Round "8"]
[TimeControl "180+2"]
[Date "2023.06.13"]
[WhiteClock "0:00:13"]
[BlackClock "0:00:07"]
[Board "41"]

1. Nf3 Nf6 2. g3 d5 3. Bg2 Bf5 4. O-O e6 5. d3 h6 6. Nbd2 c6 7. a3 Be7 8. b4 O-O 9. Bb2 Nbd7 10. c4 a5 11. Bc3 axb4 12. axb4 Qc7 13. Qb3 Bh7 14. Qb2 Bd6 15. Rfc1 Rfe8 16. Rxa8 Rxa8 17. h3 Re8 18. b5 c5 19. Ra1 d4 20. Nxd4 cxd4 21. Bxd4 e5 22. Bc3 Bc5 23. Nb3 Bb6 24. Rc1 Nc5 25. Nxc5 Qxc5 26. Rf1 Qd6 27. Bxb7 Re7 28. Bg2 Nd7 29. Ra1 Bf5 30. Bb4 Nc5 31. Rd1 Qc7 32. Qa3 Re6 33. h4 h5 34. Qb2 Rg6 35. d4 exd4 36. Qxd4 Ne6 37. Qd6 Qa7 38. c5 Nxc5 39. Qd5 Be6 40. Qd4 Nd7 41. Qd6 Bxf2+ 42. Kh1 Bxg3 43. Qd3 Bxh4 44. Bd6 Qa4 45. Bh2 Bf6 46. Qd6 Rxg2 47. Kxg2 Qe4+ 48. Kf1 Bh3+ 49. Ke1 Bc3+ 50. Kf2 Bg4 51. Qd3 Qb4 52. Qg3 Be5 53. Qd3 Bxh2 54. Rb1 Qf4+ 55. Kg2 Bg3 56. Qxg3 Qe4+ 57. Kf2 Qxb1 58. b6 Qxb6+ 59. e3 Qf6+ 60. Kg1 Qa1+ 61. Kh2 Qb2+ 62. Kg1 Qa1+ 63. Kh2 Qe5 64. Kg1 Qxg3+ 65. Kf1 Qxe3 66. Kg2 Qe2+ 67. Kg3 Qf3+ 68. Kh4 Qh3+ 69. Kg5 f6+ 70. Kf4 g5+ 71. Ke4 Qf3+ 72. Kd4 Qf4+ 73. Kc3 Qe3+ 74. Kc2 Bf5+ 75. Kb2 Qc5 76. Ka1 Qb4 77. Ka2 Be6+ 78. Ka1 Qa3+ 79. Kb1 Bf5# 0-1


[Site "https://www.chess.com"]

[Event "Titled Tuesday Blitz June 13 Late 2023"]
[White "Zavgorodniy, Sergiy"]
[Black "Pakleza, Zbigniew"]
[WhiteFideId "14110148"]
[BlackFideId "1119290"]
[WhiteElo "2402"]
[BlackElo "2410"]
[Result "1/2-1/2"]
[Round "8"]
[TimeControl "180+2"]
[Date "2023.06.13"]
[WhiteClock "0:00:07"]
[BlackClock "0:00:02"]
[Board "42"]

1. d4 d6 2. c4 e5 3. Nc3 exd4 4. Qxd4 Nc6 5. Qd2 Nf6 6. b3 a5 7. e4 a4 8. Rb1 axb3 9. axb3 g6 10. Bd3 Bg7 11. Nge2 O-O 12. O-O Re8 13. Bb2 Nb4 14. f3 c6 15. Kh1 d5 16. cxd5 cxd5 17. Bb5 dxe4 18. Qxd8 Rxd8 19. Nxe4 Nxe4 20. fxe4 Be6 21. Bxg7 Kxg7 22. Bc4 Rd2 23. Bxe6 fxe6 24. Nf4 Ra6 25. Rbc1 Nc2 26. Rfd1 Rxd1+ 27. Rxd1 g5 28. Nd3 Rd6 29. Kg1 Nb4 30. Nb2 Rxd1+ 31. Nxd1 Kf6 32. Kf2 Ke5 33. Kf3 Kd4 34. Kg4 Kxe4 35. Kxg5 e5 36. Kh6 Nd5 37. Kxh7 Ne3 38. Nxe3 Kxe3 39. h4 Kf4 40. h5 e4 41. h6 e3 42. Kg6 e2 43. h7 e1=Q 44. h8=Q Qe4+ 45. Kf7 Qd5+ 46. Ke7 Qc5+ 47. Kd7 Qc6+ 48. Ke7 Qc7+ 49. Ke6 Qc6+ 50. Ke7 Qc7+ 51. Ke6 Qc6+ 52. Kf7 Qd7+ 53. Kg6 Qf5+ 54. Kg7 Qe5+ 55. Kg8 Qe8+ 56. Kh7 Qh5+ 57. Kg8 Qe8+ 58. Kh7 Qh5+ 59. Kg8 Qe8+ 1/2-1/2


[Site "https://www.chess.com"]

[Event "Titled Tuesday Blitz June 13 Late 2023"]
[White "D`Arruda, Ricardo D."]
[Black "Tanenbaum, Zachary"]
[WhiteFideId "100692"]
[BlackFideId "2060850"]
[WhiteElo "2541"]
[BlackElo "2207"]
[Result "0-1"]
[Round "8"]
[TimeControl "180+2"]
[Date "2023.06.13"]
[WhiteClock "0:01:25"]
[BlackClock "0:00:27"]
[Board "43"]

1. Nf3 d5 2. d4 Nf6 3. c4 dxc4 4. e3 Bg4 5. Bxc4 e6 6. Qb3 Bxf3 7. gxf3 Nbd7 8. Nc3 Nb6 9. Be2 Be7 10. f4 O-O 11. Bf3 c5 12. dxc5 Nbd7 13. O-O Nxc5 14. Qc2 Rc8 15. Rd1 Qc7 16. Bd2 a6 17. Rac1 Rfd8 18. Be1 Qb6 19. b3 Nfd7 20. f5 Bf6 21. fxe6 Nxe6 22. Qf5 Ne5 23. Nd5 Rxc1 24. Nxb6 Nxf3+ 25. Qxf3 Rdxd1 26. Qxb7 Rxe1+ 27. Kg2 g6 28. Nd5 Be5 29. Qxa6 Ng5 30. f4 Rc2+ 31. Kg3 Rg1+ 32. Kh4 Rxh2# 0-1


[Site "https://www.chess.com"]

[Event "Titled Tuesday Blitz June 13 Late 2023"]
[White "Vaglio Munoz, Jaime"]
[Black "Tristan, Leonardo"]
[WhiteFideId "6500145"]
[BlackFideId "113816"]
[WhiteElo "2199"]
[BlackElo "2461"]
[Result "0-1"]
[Round "8"]
[TimeControl "180+2"]
[Date "2023.06.13"]
[WhiteClock "0:00:05"]
[BlackClock "0:00:13"]
[Board "44"]

1. Nf3 d5 2. e3 Nf6 3. c4 e6 4. b3 c5 5. Bb2 Nc6 6. cxd5 exd5 7. d4 cxd4 8. Nxd4 Bb4+ 9. Bc3 a5 10. Bb5 Bd7 11. O-O O-O 12. Bb2 Ne4 13. Nf3 Be6 14. a3 Bd6 15. Nc3 Nf6 16. Ne2 Rc8 17. Ned4 Ne4 18. Rc1 Qb6 19. Bd3 Rfd8 20. Bxe4 dxe4 21. Ng5 Nxd4 22. Bxd4 Qxb3 23. Qh5 h6 24. Rb1 Qd5 25. Bxg7 Qxg5 26. Qxg5 hxg5 27. Bf6 Rd7 28. Bxg5 Be5 29. Rb5 f6 30. Bh4 Bc4 31. Rc1 Bxb5 32. Rxc8+ Kf7 33. g4 Be2 34. Kg2 Rd1 0-1


[Site "https://www.chess.com"]

[Event "Titled Tuesday Blitz June 13 Late 2023"]
[White "Aggelis, Nikolaos"]
[Black "Holt, Conrad"]
[WhiteFideId "4213220"]
[BlackFideId "2034387"]
[WhiteElo "2189"]
[BlackElo "2592"]
[Result "1/2-1/2"]
[Round "8"]
[TimeControl "180+2"]
[Date "2023.06.13"]
[WhiteClock "0:00:07"]
[BlackClock "0:00:10"]
[Board "45"]

1. c4 c6 2. d4 d5 3. cxd5 cxd5 4. Nf3 Nc6 5. Nc3 Nf6 6. Bf4 Nh5 7. Bg3 Nxg3 8. hxg3 e6 9. e3 Bd6 10. Bd3 f5 11. Nd2 Qg5 12. Qh5+ Qxh5 13. Rxh5 g6 14. Rh3 e5 15. Nxd5 f4 16. Bxg6+ Kf8 17. Rxh7 Rxh7 18. Bxh7 fxe3 19. fxe3 exd4 20. Kf2 Be6 21. Be4 dxe3+ 22. Nxe3 Rd8 23. Nf3 Bc5 24. Rc1 Bb6 25. Bxc6 bxc6 26. Rxc6 Bxa2 27. Ke2 Re8 28. Rc3 Bf7 29. Nd2 Bh5+ 30. Kf2 Bd4 31. Rb3 Bf7 32. Ra3 Rb8 33. Nf1 Rxb2+ 34. Kg1 Re2 35. g4 Bc5 36. Rc3 Bb6 37. g5 a5 38. Kh2 a4 39. Kg3 Bd4 40. Rd3 Be5+ 41. Kf3 Ra2 42. Ng4 Bb2 43. Nfe3 Be6 44. Nf6 Ra1 45. Neg4 Ke7 46. Re3 Ra3 47. Rxa3 Bxa3 48. Ne4 Bb4 49. Ne3 a3 50. Nc2 a2 51. Ke3 Bb3 52. Na1 Ba4 53. Kd3 Bb5+ 54. Kc2 Bc4 55. Nc3 Ba3 56. g3 Kf7 57. g4 Kg6 58. Nxa2 Bxa2 59. Nb3 Kxg5 60. Kc3 Kxg4 61. Kc2 Kf5 62. Kc3 Ke5 63. Kc4 Bb2 64. Kb4 Kd5 65. Na5 Bf6 66. Nb3 Be7+ 67. Kc3 Bb1 68. Kb2 Bg6 69. Kc3 Bh7 70. Nd2 Bf6+ 71. Kb3 Kd4 72. Kb4 Be7+ 73. Kb5 Bd3+ 74. Ka4 Kc3 75. Nf3 Bf6 76. Ka5 Be4 77. Ng1 Kd3 78. Nh3 Ke3 79. Ng1 Bf5 80. Kb4 Kf2 81. Nh3+ Bxh3 82. Kc4 Ke3 83. Kd5 Bf5 84. Kd6 Kd4 85. Kc7 Kc5 86. Kb7 Be5 87. Ka7 Kc6 88. Ka6 Bc7 89. Ka7 Bd3 90. Ka8 Bb6 91. Kb8 Bf5 92. Ka8 Bc7 93. Ka7 Kb5 94. Kb7 Bd6 95. Ka7 Be4 1/2-1/2


[Site "https://www.chess.com"]

[Event "Titled Tuesday Blitz June 13 Late 2023"]
[White "Rustemov, Alexander"]
[Black "Badelka, Olga"]
[WhiteFideId "4119002"]
[BlackFideId "13509926"]
[WhiteElo "2779"]
[BlackElo "2375"]
[Result "1-0"]
[Round "8"]
[TimeControl "180+2"]
[Date "2023.06.13"]
[WhiteClock "0:00:43"]
[BlackClock "0:00:00"]
[Board "46"]

1. d4 Nf6 2. Bg5 d5 3. Nd2 c5 4. e3 e6 5. c3 Nc6 6. f4 Be7 7. Bd3 cxd4 8. exd4 h6 9. Bh4 Qc7 10. Nh3 Bd7 11. O-O O-O-O 12. Nf3 g5 13. fxg5 Ne4 14. g6 fxg6 15. Bxe7 Nxe7 16. Ne5 Rde8 17. Qe2 Nf5 18. Bxe4 dxe4 19. Qxe4 g5 20. Rae1 Rhf8 21. Nf2 Kb8 22. Nxd7+ Qxd7 23. Ng4 Nh4 24. Ne5 Qb5 25. Qe2 Qa4 26. g3 Rxf1+ 27. Rxf1 Nf5 28. a3 Qb3 29. Rf2 a6 30. Kg2 Qd5+ 31. Qf3 Qb3 32. Nd3 Qb6 33. Nc5 Ka7 34. Qe4 1-0


[Site "https://www.chess.com"]

[Event "Titled Tuesday Blitz June 13 Late 2023"]
[White "Kuznetsov, Felix"]
[Black "Sreyas Payyappat"]
[WhiteFideId "34147990"]
[BlackFideId "46674969"]
[WhiteElo "2281"]
[BlackElo "2043"]
[Result "0-1"]
[Round "8"]
[TimeControl "180+2"]
[Date "2023.06.13"]
[WhiteClock "0:00:03"]
[BlackClock "0:00:21"]
[Board "47"]

1. f4 c5 2. Nf3 d5 3. g3 Nc6 4. Bg2 g6 5. O-O Bg7 6. d3 Nf6 7. Nc3 O-O 8. e4 Re8 9. e5 Ng4 10. h3 Nh6 11. g4 f5 12. Ng5 d4 13. Na4 fxg4 14. Nxc5 gxh3 15. Nce6 Bxe6 16. Nxe6 hxg2 17. Nxd8 gxf1=Q+ 18. Qxf1 Raxd8 19. Bd2 Rf8 20. Qg2 Rf5 21. b4 a6 22. a4 Rd7 23. b5 Nb8 24. Rb1 axb5 25. Rxb5 Nc6 26. Rxb7 Rxb7 27. Qxc6 Rb1+ 28. Kg2 Rf8 29. a5 Nf5 30. a6 Ra1 31. Qb7 g5 32. a7 gxf4 33. Bxf4 Ne3+ 34. Bxe3 dxe3 35. Qe4 Rxa7 36. Qxe3 Rc7 37. c4 Rd8 38. Qh3 Rcd7 39. Qe6+ Kh8 40. c5 Rxd3 41. c6 Rc3 42. Qxe7 0-1


[Site "https://www.chess.com"]

[Event "Titled Tuesday Blitz June 13 Late 2023"]
[White "Djordjevic, Vuk"]
[Black "Fedotov, Nikita"]
[WhiteFideId "902098"]
[BlackFideId "24161446"]
[WhiteElo "2463"]
[BlackElo "2211"]
[Result "1-0"]
[Round "8"]
[TimeControl "180+2"]
[Date "2023.06.13"]
[WhiteClock "0:00:05"]
[BlackClock "0:00:13"]
[Board "48"]

1. d4 Nf6 2. Bg5 d5 3. Bxf6 gxf6 4. e3 c5 5. dxc5 e5 6. c4 dxc4 7. Nd2 c3 8. bxc3 Bxc5 9. Ngf3 Be6 10. Bc4 Nc6 11. Bxe6 fxe6 12. Qb3 Qe7 13. Ne4 Bb6 14. O-O O-O 15. Rad1 Rad8 16. Nfd2 f5 17. Ng3 Na5 18. Qb5 Rd5 19. Qe2 e4 20. Nb3 Nxb3 21. Rxd5 exd5 22. axb3 f4 23. Qg4+ Kh8 24. exf4 Qf6 25. Qd7 Qxf4 26. Qxd5 e3 27. Qxb7 exf2+ 28. Kh1 Rf6 29. Nh5 Rf7 30. Nxf4 Rxb7 31. Nd5 Rd7 32. Nxb6 axb6 33. g3 Rd3 34. Rxf2 Rxc3 35. b4 Rc4 36. Rf4 Rc2 37. Rf6 Rb2 38. Rxb6 Kg7 39. b5 h5 40. Kg1 Rb4 41. Rb7+ Kh8 42. b6 h4 43. Kg2 hxg3 44. hxg3 Rb2+ 45. Kh3 Rb4 46. g4 Rb5 47. Kh4 Rb4 48. Kh5 Rb5+ 49. g5 Rb1 50. Kg6 1-0


[Site "https://www.chess.com"]

[Event "Titled Tuesday Blitz June 13 Late 2023"]
[White "Lin, Dachey"]
[Black "Haszon, David"]
[WhiteFideId "2029650"]
[BlackFideId "733610"]
[WhiteElo "2313"]
[BlackElo "2210"]
[Result "1-0"]
[Round "8"]
[TimeControl "180+2"]
[Date "2023.06.13"]
[WhiteClock "0:00:38"]
[BlackClock "0:00:00"]
[Board "49"]

1. g4 c6 2. Bg2 d5 3. g5 e5 4. d4 Bd6 5. dxe5 Bxe5 6. Nf3 Bc7 7. Qd4 Kf8 8. Nc3 Ne7 9. e4 dxe4 10. Qxd8+ Bxd8 11. Nxe4 Bf5 12. Nd4 Bg6 13. h4 Nf5 14. Ne2 h5 15. Nf4 Nd7 16. Bd2 Bc7 17. O-O-O Ne5 18. Nc5 b6 19. Nxg6+ Nxg6 20. Bxc6 Rd8 21. Na6 Be5 22. Bb4+ Bd6 23. Rhe1 Nge7 24. Bb5 g6 25. Bc3 Rg8 26. Bf6 Bf4+ 27. Kb1 Rxd1+ 28. Rxd1 Nd6 29. a4 Nef5 30. Nb8 Nxh4 31. Re1 1-0


[Site "https://www.chess.com"]

[Event "Titled Tuesday Blitz June 13 Late 2023"]
[White "Goryachkina, Aleksandra"]
[Black "Musovic, Armin"]
[WhiteFideId "4147103"]
[BlackFideId "939935"]
[WhiteElo "2471"]
[BlackElo "2322"]
[Result "1/2-1/2"]
[Round "8"]
[TimeControl "180+2"]
[Date "2023.06.13"]
[WhiteClock "0:00:17"]
[BlackClock "0:00:35"]
[Board "50"]

1. e4 c6 2. d4 d5 3. e5 c5 4. dxc5 e6 5. Nf3 Bxc5 6. Bd3 Nc6 7. a3 h6 8. b4 Be7 9. O-O g5 10. Bb2 a6 11. Re1 h5 12. Nbd2 b5 13. Nb3 Nh6 14. Nfd4 Nxd4 15. Nxd4 g4 16. Nc6 Qc7 17. Nxe7 Qxe7 18. a4 g3 19. fxg3 h4 20. g4 Qxb4 21. Ba3 Qd4+ 22. Kh1 Qxg4 23. axb5 Qxd1 24. Rexd1 Ng4 25. Kg1 Nxe5 26. Bb2 f6 27. bxa6 Nxd3 28. cxd3 Rxa6 29. Rxa6 Bxa6 30. Ra1 Bb7 31. Ra7 Rh7 32. Bxf6 h3 33. gxh3 Rf7 34. Bg5 d4 35. h4 Bf3 36. Rxf7 Kxf7 37. Kf2 Bh5 38. Ke1 Kg6 39. Kd2 Kf5 40. Bd8 e5 41. Bg5 Be8 42. Bd8 Kg4 43. Bf6 Kf4 44. Bg5+ Kf5 45. Bd8 Bh5 46. Bg5 Ke6 47. Bd8 Kd5 48. Bf6 1/2-1/2


[Site "https://www.chess.com"]

[Event "Titled Tuesday Blitz June 13 Late 2023"]
[White "Yeritsyan, Hayk"]
[Black "Arabidze, Meri"]
[WhiteFideId "13307320"]
[BlackFideId "13604040"]
[WhiteElo "2509"]
[BlackElo "2405"]
[Result "1-0"]
[Round "8"]
[TimeControl "180+2"]
[Date "2023.06.13"]
[WhiteClock "0:00:21"]
[BlackClock "0:00:04"]
[Board "51"]

1. d4 Nf6 2. Nf3 e6 3. e3 b6 4. Bd3 Bb7 5. Nbd2 d5 6. Ne5 Nbd7 7. f4 Ne4 8. Nxe4 dxe4 9. Bb5 c6 10. Nxc6 Qc7 11. Ne5 Bc8 12. Bc6 Rb8 13. Bxe4 g6 14. c3 Bg7 15. O-O O-O 16. Nxd7 Bxd7 17. Bf3 b5 18. Bd2 a5 19. Rc1 Qa7 20. Kh1 b4 21. c4 a4 22. Qe1 b3 23. a3 Rbc8 24. Bb4 Rfd8 25. c5 Bb5 26. Be2 Bc6 27. Ba5 Re8 28. Bb6 Qb8 29. Qa5 g5 30. Ba6 gxf4 31. Bxc8 Qxc8 32. Qd2 e5 33. d5 fxe3 34. Qd3 e4 35. Qc4 e2 36. Rfe1 Bb7 37. Rxe2 Ba6 38. Qxe4 Rxe4 39. Rxe4 Bxb2 40. Rce1 Bb5 41. c6 Bxc6 42. dxc6 Qxc6 43. Bd4 Bxd4 44. Rxd4 Qc3 45. Rdd1 b2 46. Rb1 Qxa3 47. Re2 Qd3 48. Rexb2 a3 49. Rb8+ Kg7 50. Ra1 Qc3 51. Rbb1 h5 52. Ra2 h4 53. h3 Qd3 54. Rba1 Qe3 55. Rxa3 Qf4 56. Rf3 Qe5 57. Raf1 f6 58. Rf5 Qd4 59. R5f4 Qe5 60. Rxh4 f5 61. Rhf4 Qe3 62. Rxf5 Qe2 63. R5f2 Qe3 64. Rf3 Qe2 65. R1f2 Qe1+ 66. Kh2 Qe4 67. Rg3+ Kh6 68. Rf6+ Kh7 69. Rfg6 Qe5 70. Rg4 Qe7 71. Rg7+ Qxg7 72. Rxg7+ Kxg7 73. Kg3 Kg6 74. Kg4 Kh6 75. h4 Kg6 76. Kf4 Kh6 77. g4 Kg6 78. g5 Kh5 79. Kf5 1-0


[Site "https://www.chess.com"]

[Event "Titled Tuesday Blitz June 13 Late 2023"]
[White "Annaberdiyev, Meylis"]
[Black "Santos Flores, Alberto"]
[WhiteFideId "14000563"]
[BlackFideId "3601234"]
[WhiteElo "2416"]
[BlackElo "2235"]
[Result "1-0"]
[Round "8"]
[TimeControl "180+2"]
[Date "2023.06.13"]
[WhiteClock "0:00:18"]
[BlackClock "0:00:07"]
[Board "52"]

1. e4 c5 2. Nf3 Nc6 3. Bb5 g6 4. O-O Bg7 5. c3 Nf6 6. Re1 O-O 7. d4 cxd4 8. cxd4 d5 9. e5 Ne4 10. Bxc6 bxc6 11. Be3 Bg4 12. h3 Be6 13. Qc1 Qb6 14. Nc3 Nxc3 15. Qxc3 Rab8 16. b3 Bd7 17. Rac1 Rfc8 18. Bg5 e6 19. Be7 Bf8 20. Bxf8 Rxf8 21. Qe3 Kg7 22. Qf4 Qd8 23. Rc5 Qe7 24. Nh2 f6 25. exf6+ Qxf6 26. Qxf6+ Rxf6 27. Ng4 Rf4 28. Ne5 Be8 29. Nf3 Bd7 30. Re3 Rb5 31. Rxb5 cxb5 32. g3 Rf8 33. Ne5 Rd8 34. Rc3 Rc8 35. Rxc8 Bxc8 36. b4 Kf6 37. Kg2 a6 38. Kf3 Ke7 39. h4 Kf6 40. Kf4 h6 41. Ng4+ Kg7 42. Ke5 Bd7 43. a3 Bc8 44. f4 Bd7 45. Nf2 Kf7 46. g4 Ke7 47. Nd3 Bc8 48. Nc5 Kf7 49. g5 hxg5 50. fxg5 Ke7 51. Nd3 Bd7 52. Nc5 Bc8 53. Nb3 Bd7 54. Nc1 Bc8 55. Nd3 Bd7 56. Nf4 Kf7 57. Kd6 Be8 58. Nd3 Kf8 59. Ne5 Bf7 60. Kc7 Ke7 61. Kb6 Be8 62. Kxa6 Kd6 63. Kb6 Ke7 64. Kc7 Bf7 65. Nxf7 Kxf7 66. Kd6 1-0


[Site "https://www.chess.com"]

[Event "Titled Tuesday Blitz June 13 Late 2023"]
[White "Girsh, Daniel"]
[Black "Kleiman, Jake"]
[WhiteFideId "30949190"]
[BlackFideId "2020041"]
[WhiteElo "2075"]
[BlackElo "2651"]
[Result "1/2-1/2"]
[Round "8"]
[TimeControl "180+2"]
[Date "2023.06.13"]
[WhiteClock "0:00:27"]
[BlackClock "0:00:06"]
[Board "53"]

1. d4 Nf6 2. c4 e6 3. Nc3 Bb4 4. e3 O-O 5. Bd3 d5 6. a3 Bxc3+ 7. bxc3 c5 8. cxd5 exd5 9. Ne2 b6 10. O-O Ba6 11. Bxa6 Nxa6 12. Qd3 Nc7 13. f3 Re8 14. Ng3 Qd7 15. Bb2 Rad8 16. Rae1 h5 17. Kh1 Nb5 18. dxc5 bxc5 19. c4 dxc4 20. Qxc4 Nd5 21. Nxh5 Nxe3 22. Rxe3 Rxe3 23. Qh4 Qd3 24. Rg1 Rd4 25. Qg5 g6 26. Nf6+ Kg7 27. Nh5+ Kg8 28. Nf6+ Kf8 29. Qxc5+ Kg7 30. Ng4 Re2 31. Bxd4+ Nxd4 32. Qg5 Qd2 33. Qf6+ Kg8 34. Nh6+ Qxh6 35. Qxd4 Qd2 36. Qxa7 Qa2 37. a4 Rb2 38. a5 Rb5 39. Qa8+ Kg7 40. a6 Ra5 41. Qe4 Rxa6 42. h4 Qb2 43. Qc4 Rb6 44. Qf4 Rb4 45. Qg3 Qf6 46. Re1 Rxh4+ 47. Kg1 Qd4+ 48. Kf1 Rh1+ 49. Ke2 Qb2+ 50. Kd3 Rxe1 51. Qxe1 Qxg2 52. Qe5+ Kh7 53. Qf6 Kg8 54. Qd8+ Kg7 55. Qd4+ Kh7 56. Qf6 Kg8 57. Qd8+ Kh7 58. Qf6 1/2-1/2


[Site "https://www.chess.com"]

[Event "Titled Tuesday Blitz June 13 Late 2023"]
[White "Saveliev, Alexei"]
[Black "Estrada Nieto, Julian"]
[WhiteFideId "24128546"]
[BlackFideId "5101018"]
[WhiteElo "2271"]
[BlackElo "2161"]
[Result "1-0"]
[Round "8"]
[TimeControl "180+2"]
[Date "2023.06.13"]
[WhiteClock "0:00:10"]
[BlackClock "0:00:01"]
[Board "54"]

1. c4 e5 2. Nc3 Nf6 3. Nf3 Nc6 4. e3 Bb4 5. Qc2 Bxc3 6. Qxc3 Qe7 7. d4 Ne4 8. Qd3 exd4 9. Nxd4 O-O 10. Be2 Qb4+ 11. Kf1 Qe7 12. f3 f5 13. g3 d6 14. Kg2 Nc5 15. Qc3 a5 16. Nb5 Be6 17. b3 Ne5 18. Bb2 Rae8 19. Rad1 b6 20. Rhe1 Nc6 21. Nd4 Bd7 22. Bf1 Ne5 23. a3 Qf7 24. Kg1 Bc8 25. Bg2 Bb7 26. Ba1 h6 27. Nb5 Ne6 28. f4 Bxg2 29. Kxg2 Ng4 30. e4 Nc5 31. exf5 Ne4 32. Qd4 Ngf6 33. Nc3 Nc5 34. Rxe8 Rxe8 35. Rb1 Qh5 36. h3 Ncd7 37. Rb2 Re7 38. Rf2 Qf7 39. Bb2 Qe8 40. b4 axb4 41. axb4 Re3 42. Nd5 Nxd5 43. Qxg7# 1-0


[Site "https://www.chess.com"]

[Event "Titled Tuesday Blitz June 13 Late 2023"]
[White "Rios Escobar, Adan"]
[Black "Sun, Rick"]
[WhiteFideId "3403645"]
[BlackFideId "30909481"]
[WhiteElo "2497"]
[BlackElo "2169"]
[Result "0-1"]
[Round "8"]
[TimeControl "180+2"]
[Date "2023.06.13"]
[WhiteClock "0:00:00"]
[BlackClock "0:00:03"]
[Board "55"]

1. d4 Nf6 2. g3 g6 3. Bg2 Bg7 4. e4 O-O 5. Ne2 d6 6. O-O e5 7. Nbc3 Nc6 8. dxe5 Nxe5 9. f4 Ned7 10. Be3 Re8 11. Qd2 Nb6 12. b3 Bg4 13. Rae1 Qd7 14. a4 Rad8 15. a5 Nc8 16. a6 bxa6 17. Nd4 Bh3 18. Bxh3 Qxh3 19. Nc6 Rd7 20. Re2 Nxe4 21. Nxe4 Rxe4 22. Bxa7 d5 23. Bf2 Qe6 24. Nd4 Bxd4 25. Rxe4 dxe4 26. Bxd4 c5 27. c3 cxd4 28. cxd4 Qxb3 29. Rc1 Nd6 30. d5 Qd3 31. Qb2 Qxd5 32. Qa1 Qe6 33. Rb1 Rd8 34. Rb6 e3 0-1


[Site "https://www.chess.com"]